Map: Deathaura LE

Players

Denver - Winner!

  • Race: Zerg Zerg
  • League: Grandmaster
  • Spawn Location: 11:00

uwuThermal (uThermal)

  • Race: Terran Terran
  • League: Grandmaster
  • Spawn Location: 5:00

Event: DreamHack SC2 Masters 2020 Fall

VOD

Have the link to the VOD?

Description

Time

  • Played on: Sept. 5, 2020, 2:49 p.m.
  • Length: 18:07

All games in this series

Show
View Real Time Build Order
Export as new Build Order

Denver Zerg - Winner!

Build Orders: Hatch First, Muta Ling Bane 

Get SALT Encoding   

  12  0:00  Drone  
  13  0:12  Overlord  
  13  0:18  Drone  
  14  0:32  Drone x2  
  16  0:47  Hatchery  
  15  0:51  Drone  
  15  0:55  Drone  
  17  0:59  Drone  
  18  1:09  Extractor  
  17  1:14  Spawning Pool  
  17  1:17  Drone  
  17  1:20  Drone  
  18  1:28  Drone  
  19  1:39  Drone  
  20  1:49  Overlord  
  20  2:01  Queen x2  
  20  2:02  Zergling x4  
  26  2:09  Metabolic Boost  
  26  2:12  Drone x2  
  28  2:21  Drone  
  29  2:33  Hatchery  
  29  2:35  Drone  
  29  2:38  Drone  
  29  2:42  Drone  
  31  2:46  Overlord  
  31  2:51  Drone  
  32  2:55  Queen  
  34  3:00  Drone x2  
  36  3:07  Drone x2  
  36  3:10  Overlord  
  36  3:11  Drone  
  39  3:15  Drone  
  39  3:18  Pneumatized Carapace  
  40  3:22  Drone x2  
  40  3:26  Drone  
  43  3:30  Drone  
  43  3:33  Queen  
  45  3:37  Overlord  
  45  3:40  Drone  
  46  3:45  Drone x4  
  50  3:51  Baneling Nest  
  50  3:52  Overlord  
  50  3:53  Drone  
  50  3:57  Queen  
  52  4:03  Overlord  
  52  4:04  Drone x2  
  52  4:06  Drone  
  55  4:10  Queen  
  55  4:14  Overlord  
  55  4:15  Drone  
  58  4:18  Lair  
  58  4:21  Drone x2  
  60  4:25  Overlord  
  60  4:27  Zergling x4  
  62  4:32  Zergling x8  
  62  4:36  Extractor  
  62  4:37  Extractor, Spore Crawler  
  63  4:39  Drone x2  
  63  4:40  Drone  
  63  4:41  Drone x2  
  63  4:43  Drone  
  69  4:46  Drone x3  
  69  4:52  Drone x4  
  76  4:56  Drone x2  
  76  4:58  Extractor  
  76  4:59  Extractor  
  76  5:01  Zergling x2  
  76  5:04  Queen  
  79  5:07  Overlord  
  79  5:08  Drone x4  
  79  5:12  Extractor  
  82  5:16  Drone  
  82  5:19  Spire  
  82  5:20  Drone x4  
  86  5:25  Drone x4  
  90  5:28  Overlord  
  90  5:29  Overlord  
  90  5:32  Centrifical Hooks  
  90  5:35  Drone x2  
  92  5:38  Overlord  
  92  5:49  Evolution Chamber  
  91  5:50  Evolution Chamber, Hatchery  
  91  5:52  Zergling x4  
  91  5:59  Zergling x8  
  91  6:02  Overlord  
  95  6:04  Zergling x2  
  95  6:05  Zergling x6  
  95  6:10  Baneling x8  
  99  6:11  Zergling x2  
  99  6:12  Zergling x2  
  99  6:14  Overlord  
  101  6:19  Zerg Ground Armor Level 1, Zerg Melee Weapons Level 1  
  101  6:21  Baneling x3  
  101  6:22  Baneling  
  101  6:25  Zergling x6  
  104  6:31  Mutalisk x3  
  110  6:35  Drone x3  
  110  6:38  Zerg Flyer Weapons Level 1  
  113  6:40  Mutalisk  
  113  6:41  Baneling  
  113  6:42  Baneling x2  
  113  6:46  Mutalisk  
  114  6:50  Zergling x12  
  114  6:51  Zergling x2  
  123  6:54  Overlord  
  123  6:59  Mutalisk x2  
  126  7:09  Mutalisk  
  126  7:11  Overlord  
  127  7:16  Mutalisk x2  
  127  7:18  Drone x4  
  127  7:19  Overlord x3  
  127  7:20  Extractor  
  127  7:21  Overlord  
  134  7:24  Baneling x5  
  134  7:25  Overlord  
  134  7:32  Mutalisk  
  134  7:39  Zergling x2  
  134  7:40  Zergling x18  
  134  7:41  Baneling x7  
  134  7:43  Drone  
  145  7:48  Drone  
  145  7:49  Drone x5  
  151  7:53  Baneling x4  
  151  7:54  Baneling x2  
  151  7:57  Zergling x10  
  156  8:10  Zergling x12  
  159  8:19  Zergling x18  
  152  8:25  Zergling x8  
  154  8:27  Mutalisk  
  154  8:28  Mutalisk x2  
  154  8:33  Zerg Melee Weapons Level 2, Zerg Ground Armor Level 2  
  158  8:35  Mutalisk  
  158  8:37  Overlord  
  160  8:45  Mutalisk x2  
  164  8:49  Zergling x2  
  164  8:50  Zergling x16  
  164  8:54  Zergling x10, Hatchery  
  169  8:59  Baneling  
  169  9:00  Overlord, Baneling x11  
  169  9:03  Extractor  
  169  9:09  Zergling x12  
  174  9:16  Mutalisk x3  
  153  9:23  Drone x3  
  155  9:27  Overseer  
  155  9:29  Zergling x18  
  164  9:33  Zerg Flyer Weapons Level 2  
  163  9:40  Zergling x18  
  163  9:45  Infestation Pit  
  163  9:49  Mutalisk x3  
  169  9:53  Overlord  
  169  9:54  Drone x3  
  169  9:56  Zergling x6  
  169  9:57  Hatchery  
  174  10:02  Zergling x10  
  177  10:11  Baneling x5  
  177  10:13  Zergling x8, Hatchery  
  177  10:14  Zergling x6  
  144  10:30  Mutalisk x6  
  144  10:31  Mutalisk  
  150  10:38  Drone x9  
  150  10:42  Hive  
  153  10:43  Mutalisk x2  
  154  10:51  Zergling x2  
  154  10:52  Zergling x12  
  157  10:58  Mutalisk x3  
  157  11:00  Baneling  
  163  11:06  Zergling x6  
  163  11:07  Baneling  
  163  11:08  Baneling x6  
  163  11:10  Overlord  
  166  11:16  Zergling x2  
  166  11:17  Zergling x12  
  173  11:19  Zergling x12  
  173  11:21  Overseer  
  175  11:32  Drone  
  175  11:33  Drone x4  
  175  11:38  Zergling x6  
  178  11:47  Zergling x18  
  187  11:56  Zerg Ground Armor Level 3, Zerg Melee Weapons Level 3  
  187  12:02  Ultralisk Cavern, Drone x8  
  187  12:04  Extractor  
  187  12:07  Baneling x11  
  192  12:08  Zergling x2  
  193  12:17  Zergling x12  
  183  12:32  Zergling x34  
  185  12:41  Zergling x14  
  185  12:42  Baneling  
  185  12:43  Baneling x3  
  189  12:50  Baneling  
  189  12:51  Baneling x2  
  184  12:55  Zergling x12  
  184  12:56  Zergling x6  
  181  13:11  Zergling x8  
  181  13:12  Zergling x20  
  187  13:19  Mutalisk  
  174  13:20  Mutalisk x3  
  174  13:26  Mutalisk x3  
  169  13:37  Mutalisk  
  169  13:38  Mutalisk x5  
  173  13:44  Baneling x13  
  172  14:00  Zergling x30  
  172  14:02  Baneling x4  
  187  14:06  Adrenal Glands  
  187  14:12  Overseer  
  187  14:13  Overlord  
  186  14:20  Baneling  
  186  14:21  Chitinous Plating, Baneling  
  186  14:26  Overseer  
  179  14:42  Ultralisk x2  
  179  14:44  Overseer  
  183  14:53  Drone x3, Extractor  
  183  14:54  Extractor  
  181  15:07  Zergling x2  
  181  15:08  Zergling x16, Ultralisk  
  194  15:15  Burrow  
  194  15:36  Hatchery  
  194  15:40  Anabolic Synthesis  
  193  15:46  Hatchery  
  192  15:53  Drone x2, Baneling x4  
  192  15:54  Drone x3  
  192  15:55  Drone  
  179  16:44  Ultralisk x3  
  189  17:00  Baneling x22  
  187  17:08  Baneling x5  
  171  17:28  Zergling x18  
  171  17:29  Zergling x14  
  173  17:32  Zergling x26  
  193  17:39  Drone x2  
  193  17:40  Drone x4  
  193  17:42  Baneling x10  
Show
View Real Time Build Order
Export as new Build Order

uwuThermal Terran 

Build Orders: Reaper Expand 

Get SALT Encoding   

  12  0:00  SCV  
  13  0:12  SCV  
  14  0:17  Supply Depot  
  14  0:24  SCV  
  15  0:38  SCV  
  15  0:39  Barracks  
  16  0:43  Refinery  
  16  0:50  SCV  
  17  1:03  SCV  
  18  1:15  SCV  
  19  1:27  Orbital Command, Reaper  
  20  1:39  Command Center  
  20  1:47  Supply Depot  
  20  1:53  SCV  
  21  1:59  Marine  
  22  2:05  SCV  
  22  2:08  Factory  
  23  2:17  SCV  
  23  2:19  Barracks Reactor  
  24  2:29  SCV  
  25  2:41  SCV  
  25  2:42  Command Center  
  26  2:53  Orbital Command  
  26  2:54  SCV  
  27  2:59  Starport  
  27  3:04  Refinery  
  27  3:06  SCV  
  27  3:12  Hellion  
  30  3:15  Hellion  
  30  3:18  Marine  
  34  3:20  SCV  
  34  3:22  SCV  
  35  3:33  SCV  
  35  3:34  Hellion, SCV  
  37  3:36  Hellion  
  37  3:37  Starport Tech Lab  
  40  3:45  SCV  
  40  3:46  SCV  
  42  3:55  Hellion  
  44  3:56  Orbital Command  
  44  3:57  SCV  
  44  3:58  Raven, SCV  
  50  4:03  Hellion  
  50  4:08  Supply Depot  
  50  4:09  SCV  
  51  4:10  SCV  
  52  4:20  Barracks Tech Lab  
  52  4:21  SCV  
  52  4:22  SCV x2  
  55  4:29  Barracks x2  
  55  4:33  SCV  
  55  4:34  SCV, Factory Reactor  
  55  4:35  SCV, Supply Depot  
  58  4:39  Stimpack, Marine  
  60  4:45  SCV  
  60  4:46  SCV  
  60  4:47  Starport Reactor  
  60  4:51  SCV  
  60  4:52  Engineering Bay x2  
  62  4:54  Orbital Command, Refinery  
  62  4:56  Marine  
  62  4:57  SCV  
  62  4:59  Supply Depot  
  64  5:07  SCV  
  64  5:09  SCV  
  64  5:10  Barracks  
  64  5:11  Barracks  
  66  5:14  Marine  
  66  5:20  Refinery, Terran Infantry Armor Level 1, SCV, Terran Infantry Weapons Level 1  
  68  5:24  Marine  
  68  5:25  SCV, Marine  
  71  5:33  Marine  
  71  5:35  SCV, Marine x2  
  75  5:37  SCV  
  75  5:38  SCV  
  75  5:42  Marine  
  78  5:44  Marine  
  78  5:47  Medivac, Siege Tank, SCV  
  85  5:50  Supply Depot  
  85  5:58  Refinery  
  85  5:59  Supply Depot  
  85  6:01  Barracks Reactor  
  85  6:03  Barracks Reactor  
  85  6:06  Supply Depot  
  85  6:09  Supply Depot  
  85  6:11  Marine x3  
  85  6:12  SCV x3  
  91  6:18  Medivac  
  91  6:19  Siege Tank, Marine  
  91  6:22  Supply Depot, Marine  
  91  6:24  SCV x3  
  91  6:25  Combat Shield  
  101  6:29  Marine  
  101  6:32  Marine x2  
  104  6:36  Armory, SCV x3  
  104  6:38  Marine x3  
  110  6:42  Medivac  
  112  6:47  Missile Turret  
  112  6:48  SCV  
  112  6:49  Marine x3  
  112  6:50  Missile Turret, Marine  
  117  6:55  Missile Turret, Marine  
  117  6:57  Medivac, Marine  
  117  7:01  Factory Reactor, Marine  
  121  7:12  Medivac, Marine  
  121  7:13  Marine x3  
  122  7:16  Marine  
  122  7:18  Factory  
  122  7:19  Marine  
  122  7:21  Marine  
  125  7:24  Supply Depot  
  125  7:25  Terran Infantry Weapons Level 2  
  125  7:28  Marine  
  126  7:31  Marine  
  126  7:33  Medivac  
  126  7:34  Marine  
  126  7:36  Marine x2  
  130  7:37  Marine  
  130  7:40  Widow Mine  
  130  7:43  Supply Depot  
  133  7:44  Widow Mine  
  133  7:48  Terran Infantry Armor Level 2, Marine  
  133  7:49  Marine x3  
  133  7:50  Marine  
  140  7:52  Marine  
  140  7:55  Marine x2  
  140  7:56  Supply Depot  
  143  8:01  Widow Mine  
  143  8:04  Medivac, Marine  
  135  8:20  Marine x2  
  135  8:21  Medivac, Marine  
  135  8:22  Marine  
  135  8:23  Widow Mine  
  135  8:24  Widow Mine  
  135  8:25  Marine x2  
  138  8:30  Drilling Claws, Command Center  
  138  8:32  Thor  
  142  8:37  Marine x2  
  142  8:38  Marine  
  144  8:46  Medivac, Marine  
  144  8:47  Marine x2  
  144  8:48  Marine  
  145  8:52  Widow Mine, Marine  
  137  8:56  Marine  
  137  8:57  Marine  
  137  9:02  Widow Mine  
  140  9:03  Marine  
  140  9:04  Barracks  
  140  9:07  Barracks  
  140  9:08  Barracks  
  129  9:19  Marine  
  129  9:20  Marine  
  129  9:22  Medivac, Widow Mine  
  129  9:23  Marine x3  
  119  9:25  Thor  
  119  9:26  Widow Mine, Marine x3  
  119  9:27  Marine  
  129  9:37  Marine  
  128  9:38  Marine  
  128  9:39  Medivac  
  128  9:40  Marine  
  128  9:41  Marine x2  
  128  9:44  Marine x3  
  135  9:45  Marine  
  135  9:47  SCV  
  135  9:48  SCV x2  
  135  9:49  Widow Mine  
  139  9:55  Marine  
  139  9:56  Marine  
  139  9:58  Marine  
  143  10:00  SCV, Barracks Reactor  
  143  10:01  Barracks Tech Lab x2  
  143  10:02  SCV, Marine  
  143  10:05  Missile Turret  
  143  10:06  Marine x3  
  140  10:07  Widow Mine  
  140  10:12  Missile Turret  
  142  10:16  Thor  
  142  10:18  Marine  
  124  10:30  Medivac, Marine x3  
  124  10:31  Planetary Fortress  
  124  10:34  Marine x2  
  124  10:35  SCV  
  120  10:38  Marine  
  120  10:40  Widow Mine  
  120  10:41  Widow Mine  
  120  10:42  SCV  
  119  10:47  Marine  
  115  10:51  SCV x2  
  115  10:54  SCV, Marine  
  115  10:55  Marauder  
  115  10:57  Marauder, Marine  
  115  11:00  Marauder, Widow Mine  
  115  11:03  SCV x2  
  124  11:04  Widow Mine x2  
  124  11:06  SCV  
  124  11:07  Marine  
  124  11:08  Refinery  
  124  11:09  Marine  
  131  11:16  Marauder  
  133  11:18  Command Center, Marine  
  133  11:19  Marauder  
  133  11:20  Sensor Tower  
  133  11:21  Marine  
  133  11:22  Medivac, Marauder  
  141  11:30  Medivac, Widow Mine, Marine x2  
  141  11:32  Marine x2  
  149  11:34  Marine  
  149  11:35  Command Center  
  149  11:37  Marine  
  149  11:38  Marauder  
  151  11:40  Marauder, Marine x3  
  151  11:42  SCV, Marine  
  151  11:43  Marauder, Supply Depot  
  153  11:51  Medivac, Widow Mine x2  
  153  11:52  SCV  
  160  11:54  Refinery  
  160  11:55  Missile Turret  
  160  11:56  Supply Depot x2  
  160  11:58  Marine x2  
  160  11:59  Marauder  
  160  12:00  Medivac  
  160  12:01  Marauder, Marine  
  167  12:04  Marauder  
  167  12:06  Marine x2  
  173  12:15  Thor  
  169  12:18  Marine x2  
  169  12:19  Marine x2  
  169  12:21  Marauder, Marine  
  176  12:23  Marauder  
  176  12:25  Medivac  
  165  12:31  Marine x3  
  165  12:32  Medivac  
  165  12:33  Marine  
  165  12:35  Marine  
  165  12:36  Marine x3  
  147  12:37  Marine x2  
  147  12:39  Marine  
  147  12:41  Marine  
  147  12:43  Widow Mine  
  147  12:44  Marine  
  143  12:49  Marine x3  
  143  12:50  Marine  
  145  12:55  Medivac  
  145  12:58  Widow Mine, Thor  
  136  12:59  Marine  
  136  13:00  Marine  
  136  13:02  Medivac, Marine  
  136  13:03  Marine  
  136  13:05  Marine  
  136  13:06  Orbital Command, Marine  
  136  13:07  Marine  
  136  13:08  Widow Mine  
  123  13:16  Marine  
  123  13:17  Marine  
  123  13:18  Marine x2  
  123  13:19  Widow Mine, Marine x2  
  115  13:20  Marine  
  115  13:25  Medivac  
  108  13:29  Marine  
  108  13:30  Widow Mine  
  108  13:32  Medivac  
  106  13:38  SCV x2  
  101  13:44  Widow Mine  
  103  13:49  Marine  
  103  13:50  Marine  
  103  13:52  Marine x2  
  103  13:55  Medivac  
  107  13:56  Widow Mine  
  107  13:57  Marine  
  107  13:59  SCV  
  107  14:00  Orbital Command  
  107  14:02  Widow Mine, Marine  
  114  14:10  Widow Mine, Marine  
  114  14:12  SCV  
  114  14:15  Supply Depot  
  114  14:16  Supply Depot  
  118  14:22  Orbital Command  
  118  14:24  SCV, Marine  
  120  14:29  SCV x2  
  122  14:31  Marine x2  
  122  14:33  Marine  
  122  14:36  SCV  
  122  14:37  Marine  
  125  14:41  SCV x2  
  125  14:44  Marine  
  121  14:49  Widow Mine, SCV, Marine  
  121  14:51  Marine  
  125  14:53  SCV x3  
  126  15:01  Marauder x2  
  126  15:02  Concussive Shells  
  126  15:05  SCV  
  126  15:06  Marine x2  
  130  15:12  Medivac  
  126  15:15  Marine  
  126  15:16  Marauder  
  126  15:18  SCV  
  126  15:19  Marine  
  126  15:20  SCV  
  130  15:22  Marauder  
  130  15:27  Supply Depot  
  134  15:28  Marauder  
  134  15:29  Supply Depot, Marine  
  134  15:30  Marine  
  134  15:33  Widow Mine  
  134  15:34  Widow Mine  
  140  15:35  Widow Mine  
  140  15:40  Supply Depot  
  140  15:41  Supply Depot  
  140  15:48  Marine x5  
  140  15:49  Marine  
  148  15:50  Marauder  
  148  15:51  Marine x2  
  150  15:58  Supply Depot x2, Marine  
  150  16:02  Widow Mine  
  153  16:08  Medivac x2, Widow Mine  
  153  16:10  Marine  
  156  16:14  Marine  
  156  16:15  Marauder  
  156  16:17  Marine  
  147  16:27  Marine x2  
  147  16:28  Widow Mine  
  151  16:33  Marine  
  151  16:38  Medivac x2  
  156  16:40  Marauder, Marine  
  156  16:42  SCV  
  156  16:45  SCV  
  154  16:47  SCV  
  154  16:53  Widow Mine, Marine  
  158  16:56  Marine  
  158  17:00  SCV x2  
  161  17:02  Marine  
  161  17:07  Marauder  
  164  17:12  Refinery, SCV, Marine  
  164  17:15  Marine  
  166  17:16  Orbital Command  
  166  17:18  Medivac  
  147  17:31  Marine  
  147  17:32  Marauder  
  150  17:42  Marine  
  150  17:47  Marine  
  150  17:48  Marine  

Tags
 
Add a new tag
Caveats
  • Supply blocks, unpowered buildings, or Contaminate may cause inaccurate times.
  • Supply counts are checked every 10 seconds.